Description

Spirit use this build on Solar and WIN!

Replay - Solar v Spirit: Game 1 - [ESL] Hardwire

Build Order

Get SALT Encoding   

  12  0:01  SCV  
  13  0:13  SCV  
  14  0:17  Supply Depot  
  14  0:25  SCV  
  15  0:38  SCV  
  15  0:39  Barracks  
  16  0:44  Refinery  
  16  0:50  SCV  
  17  1:02  SCV  
  18  1:15  SCV  
  19  1:27  Orbital Command, Reaper  
  20  1:39  Command Center  
  20  1:48  Supply Depot  
  20  1:52  SCV  
  21  1:59  Marine  
  22  2:04  SCV  
  23  2:08  Factory  
  23  2:16  SCV  
  23  2:21  Barracks Reactor  
  25  2:43  Command Center  
  26  2:56  Orbital Command  
  27  3:01  Hellion x2  
  31  3:07  Barracks Tech Lab  
  32  3:23  Hellion x2  
  32  3:26  Stimpack  
  38  3:27  Marine  
  43  3:49  Barracks x2  
  43  3:52  Factory Reactor  
  43  3:54  Orbital Command  
  43  3:57  Refinery  
  45  4:07  Starport  
  46  4:16  Marine  
  48  4:19  Refinery x2  
  48  4:23  Supply Depot  
  51  4:33  Marine  
  51  4:38  Orbital Command, Supply Depot  
  55  4:39  Factory Tech Lab, Marine x2  
  55  4:44  Starport Reactor  
  56  4:46  Marine x2  
  56  4:50  Supply Depot  
  56  4:51  Marine  
  56  4:52  Bunker  
  61  4:57  Marine  
  61  4:59  Siege Tank  
  68  5:06  Combat Shield  
  76  5:31  Engineering Bay x2, Siege Tank  
  82  5:38  Medivac x2  
  94  6:03  Terran Infantry Armor Level 1, Terran Infantry Weapons Level 1  
  101  6:20  Siege Tank  
  109  6:26  Medivac x2  
  117  6:36  Barracks x2  
  124  6:55  Liberator  
  120  7:06  Command Center  
  120  7:07  Armory, Refinery x2  
  123  7:11  Liberator  
  128  7:18  Siege Tank  
  137  7:27  Barracks Reactor x2  
  138  7:52  Factory  
  138  7:56  Medivac x2  
  144  8:00  Terran Infantry Weapons Level 2  
  145  8:06  Terran Infantry Armor Level 2  
  154  8:26  Command Center  
  147  8:28  Siege Tank  
  152  8:34  Barracks x3  
  152  8:38  Factory Tech Lab  
  148  8:43  Medivac x2  
  151  8:52  Planetary Fortress  
  151  8:55  Refinery x2  
  151  9:01  Siege Tank  
  153  9:13  Medivac x2  
  159  9:27  Siege Tank  
  159  9:28  Sensor Tower x2  
  159  9:29  Barracks Tech Lab x3  
  165  9:33  Siege Tank  
  168  9:39  Terran Vehicle Weapons Level 1  
  168  9:41  Ghost Academy  
  167  9:49  Marauder x4  
  167  9:51  Concussive Shells  
  178  9:54  Viking  
  178  9:59  Siege Tank  
Spawning Tool Build Advisor. Get it on Overwolf

Go to:

Details

  • Created by: Wetkin
  • Published on: Apr 11, 2022
  • Modified on: Apr 11, 2022
  • Patch: 4.11.0
  • Difficulty: Hard
Show
View Real Time Build Order
Export as new Build Order

Comments (0)

There are no comments. Be the first!

Create an account to comment!